 Dungeon Crawl Stone Soup version 0.27-a0-1049-g450f9b2e0d (webtiles) character file.

Game seed: 18402948096848211458

833 Anon1729 the Sneak (level 7, -3/49 (55) HPs)
             Began as a Demonspawn Delver on Apr 20, 2021.
             Was a Believer of Dithmenos.
             Slain by a hell rat (12 damage)
             ... on level 5 of the Dungeon.
             The game lasted 00:09:38 (5833 turns).

Anon1729 the Sneak (Demonspawn Delver)              Turns: 5833, Time: 00:09:39

HP:   -3/49 (55)    AC:  6    Str: 13    XL:     7   Next: 65%
MP:   0/10          EV: 13    Int: 15    God:    Dithmenos [**....]
Gold: 123           SH:  0    Dex: 14    Spells: 5/6 levels left

rFire    . . .     SeeInvis .   m - +1 short sword (venom)
rCold    . . .     Faith    .   (no shield)
rNeg     . . .     Spirit   +   t - +0 steam dragon scales
rPois    +         Reflect  .   (no helmet)
rElec    .         Harm     .   (no cloak)
rCorr    .         Rampage  .   (no gloves)
Will     .....                  y - +0 pair of boots
Stlth    ++++......             (no amulet)
HPRegen  0.16/turn              r - ring of poison resistance
MPRegen  0.24/turn              (no ring)

@: wreathed by umbra, heavily drained
A: magic shield, magic regeneration, big brain 1
a: Renounce Religion, Shadow Step


You were on level 5 of the Dungeon.
You worshipped Dithmenos.
Dithmenos was pleased with you.
You visited 2 branches of the dungeon, and saw 6 of its levels.

You collected 123 gold pieces.

Inventory:

Hand Weapons
 a - a +0 falchion
 m - a +1 short sword of venom (weapon)
Missiles
 z - a throwing net (quivered)
Armour
 t - +0 steam dragon scales (worn)
 y - a +0 pair of boots (worn)
Magical Staves
 h - a staff of earth
 q - a staff of poison
Jewellery
 r - a ring of poison resistance (left hand)
Wands
 g - a wand of digging (3)
Scrolls
 c - 4 scrolls of fog
 d - a scroll of magic mapping
 i - 5 scrolls of identify {unknown}
 j - 2 scrolls of summoning {unknown}
 k - a scroll of immolation {unknown}
 l - a scroll of enchant weapon {unknown}
 p - 2 scrolls of acquirement {unknown}
 u - a scroll of teleportation {unknown}
 A - 3 scrolls of vulnerability {unknown}
Potions
 b - a potion of lignification {unknown}
 f - 2 potions of haste
 n - a potion of mutation {unknown}
 o - a potion of curing
 s - a potion of berserk rage {unknown}
 v - a potion of heal wounds {unknown}
 w - a potion of magic {unknown}
 x - a potion of ambrosia {unknown}


   Skills:
 + Level 4.7 Fighting
 + Level 3.6 Long Blades
 * Level 4.0 Dodging
 + Level 5.9 Stealth
 + Level 1.0 Fire Magic
 * Level 5.1 Invocations


You had 5 spell levels left.
You knew the following spells:

 Your Spells              Type           Power      Damage    Failure   Level
a - Foxfire               Conj/Fire      4%         2x1d4     22%         1

Your spell library contained the following spells:

 Spells                   Type           Power      Damage    Failure   Level
 Animate Skeleton         Necr           0%         N/A       26%         1
 Pain                     Necr           0%         1d4       26%         1
 Conjure Flame            Conj/Fire      1%         6-21      54%         3
 Inner Flame              Hex/Fire       1%         N/A       54%         3
 Confusing Touch          Hex            0%         N/A       63%         3
 Gell's Gravitas          Tloc           0%         N/A       63%         3
 Vampiric Draining        Necr           0%         2d6       63%         3
 Sticky Flame             Conj/Fire      1%         2d3       91%         4
 Animate Dead             Necr           0%         N/A       95%         4
 Petrify                  Tmut/Erth      0%         N/A       95%         4
 Fireball                 Conj/Fire      0%         3d3       99%         5
 Agony                    Necr           0%         N/A       100%        5
 Metabolic Englaciation   Hex/Ice        0%         N/A       100%        5
 Yara's Violent Unravell  Hex/Tmut       0%         3d3       100%        5


Dungeon Overview and Level Annotations

Branches:
Dungeon (5/15)             Temple (1/1) D:5

Altars:
Ashenzari
Dithmenos
Fedhas
Gozag
Hepliaklqana
Makhleb
Nemelex Xobeh
Okawaru
Ru
Sif Muna
Vehumet
Wu Jian
Yredelemnul
Zin
The Shining One

Annotations:
D:3 3 runed translucent doors, kae's ghost, weakling DrTm


Innate Abilities, Weirdness & Mutations

When hurt, damage is shared between your health and your magic reserves.
You regenerate magic rapidly.
You have an unusually large brain. (Int +2)


Message History

You hit the hell rat.
The hell rat looks as sick as possible!
The hell rat is lightly wounded.
The hell rat misses you.
You hit the hell rat.
The hell rat looks as sick as possible!
The hell rat is moderately wounded.
The hell rat bites you.
You hit the hell rat but do no damage.
The hell rat is moderately wounded.
The hell rat bites you.
You feel drained. The hell rat bites you.
You feel drained.
You closely miss the hell rat.
The hell rat is almost dead.
The hell rat bites you!
You kill the hell rat!
Dithmenos accepts your kill.
Your Dodging skill increases to level 4!
Your Fire Magic skill increases to level 1!
Okay, then.
You hit the hell rat but do no damage. The hell rat barely misses you.
You hit the hell rat.
The hell rat is poisoned.
The hell rat is lightly wounded.
The hell rat bites you!
* * * LOW HITPOINT WARNING * * *
You feel drained.
* * * LOW HITPOINT WARNING * * *
It was a potion of curing.
You feel better. The hell rat bites you!
* * * LOW HITPOINT WARNING * * *
Okay, then.
Press: ? - help, v - describe, . - travel
Here: a hell rat (lightly wounded, very poisoned, umbra)
The floor, spattered with blood.
Press: ? - help, v - describe, . - travel
Here: a hell rat (lightly wounded, very poisoned, umbra)
The floor, spattered with blood.
Unknown command.
Okay, then.
As you read the scroll of fear, it crumbles to dust.
You assume a fearsome visage.
The river rat looks frightened! x2
The hell rat is unaffected.
The hell rat misses you. The hell rat bites you!
You die...

...#........#.................#..
...#........#.>......)........#..
##.###..##'##.................###
†.###########.########'######....
..###.....rr###.....'.......+....
.##...#..r##.r####..#.......#....
##. #r#######.#.####...#####....
†##...rrrr# ##r## ###########'#
#.##..#rrr..####@# #............
.##... #r..[##..## #............
#####. ...##†### ###...##.....
###### #####.##########...##.....
...#.###.#..##............#......
###.#...#.###'............#......
..#########..#............#......
^..# #.....#............#......
#..# ##.)...#'###...##+####..##.


You could see a hell rat (very poisoned) and 2 river rats.

Vanquished Creatures
  A necrophage (D:5)
  3 ogres
  A scorpion (D:4)
  A water moccasin zombie (D:5)
  A centaur zombie (D:5)
  A bullfrog skeleton (D:5)
  2 hounds (D:4)
  A jelly (D:5)
  A centaur skeleton (D:5)
  2 hell rats (D:5)
  A killer bee zombie (D:4)
  3 adders
  A river rat (D:5)
  A white imp (D:5)
  2 worms (D:2)
  2 dart slugs (D:4)
  3 orcs (D:5)
  6 endoplasms
  5 giant cockroaches
  5 goblins
  7 hobgoblins
  8 jackals
  5 quokkas
  10 ball pythons
  A bat (D:3)
  A frilled lizard (D:2)
  6 kobolds
  11 rats
92 creatures vanquished.

Notes
Turn   | Place    | Note
-------+----------+-------------------------------------------
     0 | D:5      | Anon1729 the Demonspawn Delver began the quest for the Orb.
     0 | D:5      | Reached XP level 1. HP: 18/18 MP: 1/1
    27 | D:5      | Found a staircase to the Ecumenical Temple.
    63 | Temple   | Entered the Ecumenical Temple
   146 | Temple   | Became a worshipper of Dithmenos the Shadowed
   158 | D:5      | Noticed a necrophage
   162 | D:5      | Noticed a hound
   177 | D:4      | Killed a hound
   178 | D:4      | Gained mutation: You regenerate magic rapidly. [demonic
                  | ancestry]
   178 | D:4      | Reached XP level 2. HP: 14/24 MP: 2/2
   178 | D:4      | Gained mutation: When hurt, damage is shared between your
                  | health and your magic reserves. [demonic ancestry]
   178 | D:4      | Reached XP level 3. HP: 17/29 MP: 3/3
   682 | D:3      | Found a runed translucent gate.
   682 | D:3      | Found a runed translucent gate.
   682 | D:3      | Found a runed translucent gate.
   691 | D:3      | Found an iron altar of Okawaru.
  1665 | D:2      | Gained mutation: You have an unusually large brain. (Int
                  | +2) [demonic ancestry]
  1665 | D:2      | Reached XP level 4. HP: 35/35 MP: 4/4
  2091 | D:3      | Found a shimmering blue altar of Sif Muna.
  2220 | D:3      | Noticed kae's ghost (weakling DrTm)
  2289 | D:1      | Reached * piety under Dithmenos
  2290 | D:1      | Reached skill level 5 in Stealth
  2367 | D:1      | Found a faded altar of an unknown god.
  3737 | D:4      | Reached skill level 1 in Invocations
  3896 | D:4      | Noticed an ogre
  3910 | D:4      | Killed an ogre
  3911 | D:4      | Reached XP level 5. HP: 33/42 MP: 4/6
  4161 | D:4      | Reached ** piety under Dithmenos
  4165 | D:4      | Reached XP level 6. HP: 46/48 MP: 6/8
  4884 | D:5      | Reached XP level 7. HP: 28/55 MP: 5/10
  5307 | D:5      | Learned a level 1 spell: Foxfire
  5604 | D:5      | Reached skill level 5 in Invocations
  5809 | D:5      | Found the +2 ratskin cloak {*Rats rPois rN+ Str-1 Int-1
                  | Dex+1}
  5827 | D:5      | Reached skill level 1 in Fire Magic
  5833 | D:5      | Slain by a hell rat

Illustrated notes

Levels and vault maps discovered:
D:1:      evilmike_arrival_rings, layout_loops_ring,
          hellmonk_ecumenical_altar_heavens_door, minmay_misc_feat_encased,
          kennysheep_pointless_box
D:2:      layout_rooms
D:3:      layout_rooms, okawaru_trees_1, led_sif_book,
          gammafunk_ghost_necromancy, kennysheep_doodads,
          kennysheep_generic_room_5
D:4:      layout_cave_pools
D:5:      wander_guarded_unrand_ratskin, layout_gridville, temple_statues
Temple:   dshaligram_water_room_temple

Skill      XL: |  1  2  3  4  5  6  7 |
---------------+----------------------+-----
Long Blades    | 2 3 |  3.6
Dodging        | 2 3 4 |  4.0
Stealth        | 5 |  5.9
Invocations    | 2 3 4 5 |  5.1
Fighting       | 4 |  4.7
Fire Magic     | 1 |  1.0

Action                   |  1- 3 |  4- 6 |  7- 9 || total
-------------------------+-------+-------+-------++-------
Melee: Falchion          |    50 |       |       ||    50
       Short sword       |    31 |   184 |    66 ||   281
  Use: Scroll            |       |       |     1 ||     1
       Potion            |       |       |     1 ||     1
 Stab: Sleeping          |     9 |     9 |     5 ||    23
Armor: Leather armour    |    19 |    14 |       ||    33
       Steam dragon scal |       |    30 |     8 ||    38
Dodge: Dodged            |    66 |   122 |    47 ||   235
       Rpst.: Falchion   |    12 |       |       ||    12

Table legend: (Time is in decaauts)
 A = Elapsed time spent in this place.
 B = Non-inter-level travel time spent in this place.
 C = Inter-level travel time spent in this place.
 D = Time resting spent in this place.
 E = Time spent auto-exploring this place.
 F = Levels seen in this place.
 G = Mean time per level.
                   A        B        C        D        E       F      G
               +--------+--------+--------+--------+--------+-----+--------+
         Total |   5848 |   5671 |    177 |    564 |   4281 |   6 |  974.7 |
       Dungeon |   5759 |   5589 |    170 |    564 |   4243 |   5 | 1151.8 |
        Temple |     89 |     83 |      6 |      0 |     38 |   1 |   89.0 |
               +--------+--------+--------+--------+--------+-----+--------+

Top non-repeatable levels by time:
     D:5: 1522 daAuts
     D:1: 1242 daAuts
     D:3: 1134 daAuts
     D:2: 952 daAuts
     D:4: 908 daAuts
  Temple: 89 daAuts
